 Dungeon Crawl Stone Soup version 0.20-a0-1006-ge6c5631 (webtiles) character file.

9777 M4edhros the Zephyrmancer (level 11, -3/72 HPs)
             Began as a Formicid Air Elementalist on Apr 14, 2017.
             Was a Priest of Ashenzari.
             Slain by a two-headed ogre
             ... wielding a +0 giant spiked club
              (20 damage)
             ... on level 11 of the Dungeon.
             The game lasted 00:49:46 (16439 turns).

M4edhros the Zephyrmancer (FoAE)                   Turns: 16439, Time: 00:49:46

Health: -3/72      AC: 12    Str: 15    XL:     11   Next: 80%
Magic:  18/18      EV: 14    Int: 13    God:    Ashenzari [***...]
Gold:   219        SH:  5    Dex: 14    Spells: 6/20 levels left

rFire    . . .     SeeInvis +   L - +2 quarterstaff (chaos) (curse)
rCold    . . .     Gourm    .   M - +0 buckler (curse)
rNeg     . . .     Faith    .   Z - +4 troll leather armour (curse)
rPois    .         Spirit   .   (helmet unavailable)
rElec    .         Reflect  .   y - +2 cloak (curse)
rCorr    .         Harm     .   (no gloves)
MR       +....                  (no boots)
Stlth    ++++++....             g - amulet of magic regeneration (curse)
Regen    0.7/turn               o - ring of flight
MPRegen  0.3/turn               a - ring of stealth

@: no status effects
A: permanent stasis, dig shafts and tunnels, four strong arms, antennae 3,
talons 1, camouflage 1, dopey 1, strong 1, no potion heal 1, sturdy frame 1
a: Dig, Shaft Self, Curse Item, Scrying, Renounce Religion, Evoke Flight


You were on level 11 of the Dungeon.
You worshipped Ashenzari.
Ashenzari was most pleased with you.
You were hungry.

You visited 1 branch of the dungeon, and saw 11 of its levels.
You also visited: Bailey.

You collected 788 gold pieces.
You spent 569 gold pieces at shops.

Inventory:

Hand Weapons
 L - a cursed +2 quarterstaff of chaos (weapon)
 P - a +0 dire flail of protection
 S - a +0 bardiche of freezing
Missiles
 D - 230 arrows
 U - 14 javelins of returning (quivered)
Armour
 r - a +2 scale mail of poison resistance
 y - a cursed +2 cloak (worn)
 M - a cursed +0 buckler (worn)
 Z - a cursed +4 troll leather armour (worn)
Jewellery
 a - a ring of stealth (right hand)
 g - a cursed amulet of magic regeneration (around neck)
 o - a ring of flight (left hand)
 s - an uncursed amulet of harm
Wands
 b - a wand of acid (10/15)
 p - a wand of digging (12/24)
 v - a wand of confusion (9/48)
 G - a wand of random effects (21/48)
Scrolls
 d - 5 scrolls of teleportation {unknown}
 f - 2 scrolls of immolation {unknown}
 h - 3 scrolls of blinking
 j - a scroll of amnesia {unknown}
 n - 5 scrolls of fear
 q - a scroll of fog {unknown}
 u - 3 scrolls of magic mapping
 z - 2 scrolls of vulnerability
 E - a scroll of summoning {unknown}
 I - 2 scrolls of remove curse
 N - a scroll of noise {unknown}
 Q - a scroll of enchant weapon {unknown}
 R - 2 scrolls of random uselessness {unknown}
 T - 5 scrolls of identify
Potions
 e - a potion of curing
 i - 4 potions of might
 l - a potion of flight
 m - a potion of cancellation {unknown}
 t - a potion of heal wounds {unknown}
 w - 3 potions of brilliance
 B - a potion of ambrosia {unknown}
 C - 5 potions of lignification
 F - 2 potions of degeneration {unknown}
 H - 4 potions of invisibility {unknown}
 K - a potion of berserk rage {unknown}
Miscellaneous
 V - a box of beasts
 X - a lamp of fire (inert)
 Y - a fan of gales
Comestibles
 c - 4 bread rations
 k - 5 meat rations
 x - 7 fruits
 W - 2 royal jellies


   Skills:
 * Level 2.1 Fighting
 * Level 3.8 Polearms
 - Level 7.1 Armour
 + Level 5.0 Dodging
 * Level 7.9 Stealth
 - Level 3.4(5.1) Shields
 + Level 5.0 Spellcasting
 + Level 4.2 Conjurations
 * Level 7.1 Hexes
 + Level 8.5 Air Magic
 - Level 4.0 Poison Magic


You had 6 spell levels left.
You knew the following spells:

 Your Spells              Type           Power        Failure   Level  Hunger
a - Shock                 Conj/Air       ###.         1%          1    None
b - Static Discharge      Conj/Air       ###.....     4%          3    ###....
c - Airstrike             Air            ####......   8%          4    ####...
d - Confuse               Hex            ###.....     3%          3    ###....
e - Mephitic Cloud        Conj/Pois/Air  ###.....     8%          3    ###....


Dungeon Overview and Level Annotations

Branches:
Dungeon (11/15)            Temple (0/1) D:4            Lair (0/6) D:9
    Orc: D:9-12

Altars:
Ashenzari
Kikubaaqudgha
Qazlal
Uskayaw

Shops:
D:8 ([::   D:9 ?:*


Innate Abilities, Weirdness & Mutations

You cannot be hasted, slowed, berserked, paralysed or teleported.
You can dig through walls and to a lower floor.
Your four strong arms can wield two-handed weapons with a shield.
You have a pair of large antennae on your head. (SInv)
You have sharp toenails.
Your skin changes colour to match your surroundings (Stealth+).
You are dopey. (Int -2)
Your muscles are strong. (Str +2)
Potions are less effective at restoring your health.
Your movements are slightly less encumbered by armour. (ER -2)


Message History

The wraith hits you. The wraith drains your vigour!
Your stasis prevents you from being slowed.
You block the wraith's attack.
You hit the wraith but do no damage.
The wraith is almost destroyed.
The wraith hits you! The wraith drains your vigour!
Your stasis prevents you from being slowed.
You hit the wraith. You burn the wraith.
You destroy the wraith!
There is a stone staircase leading up here.
The two-headed ogre hits you with a giant spiked club! x2
Evoke which item? (* to show all) (? for menu, Esc to quit)
Aiming: Confuse
Press: ? - help, Shift-Dir - straight line, f/p - two-headed ogre
Aim: a two-headed ogre, wielding two giant spiked clubs (fast, chance to defeat MR: 28%)
The two-headed ogre easily resists.
This wand has 9 charges left.
The two-headed ogre hits you with a giant spiked club!!
* * * LOW HITPOINT WARNING * * *
The two-headed ogre hits you with a giant spiked club!!
You die...

#.# ######.###.#.# .#, #
#.# #.# #............##.#
, > #.#
##.###.####.###......# **
*#.# .......#
#........### * * #.#
.....### #####..<.#,{*
,######.# ...#.# #..).#{
{ #......# .###.# #....#,
' #####..# .###.##
#....#{, , #..#
......#########.@..# {
#..# ................O..#
##+## #..#
.###..########.....##
#...####..# ## #..#
#..........####.##.....#
# #..#
#.#..............#.###.#
####..#
##.##........####....##.#
...:..#
#............##.........#
#####.#
#..####...##.##.......###
#.#
#..#####.###.##.......#


You could see a two-headed ogre.

Vanquished Creatures
  A hydra (D:11)
  An ugly thing (D:11)
  Maurice (D:8)
  A komodo dragon (D:9)
  A troll (D:10)
  A hornet (D:8)
  2 hippogriffs
  6 yaks (D:9)
  Eustachio (D:4)
  A wraith (D:11)
  A steam dragon (D:11)
  12 orc warriors
  A black bear (D:9)
  3 phantoms
  4 sky beasts
  2 ice beasts
  5 ogres
  16 centaurs
  2 crocodiles
  Blork the orc (D:4)
  6 bullfrogs
  A big kobold (D:9)
  A gnoll sergeant (D:6)
  A wyvern zombie (D:6)
  2 scorpions
  7 killer bees
  5 wights (D:9)
  3 howler monkeys
  5 crimson imps
  A bullfrog zombie (D:5)
  An orc priest (D:8)
  A hound (D:4)
  2 iguanas
  Crazy Yiuf (D:5)
  2 jellies
  An orc wizard (D:7)
  A centaur skeleton (D:10)
  Ijyb (D:5)
  Terence (D:3)
  5 worker ants
  2 killer bee zombies
  A hound zombie (D:5)
  2 worker ant zombies
  A howler monkey skeleton (D:7)
  7 gnolls
  9 adders
  2 shadow imps
  3 adder skeletons
  3 worms
  A dart slug (D:4)
  2 leopard geckos
  61 orcs
  2 giant cockroaches
  8 goblins
  6 hobgoblins
  2 jackals (D:8)
  13 kobolds
  4 quokkas
  3 ball pythons
  7 bats
  8 frilled lizards
  14 rats
272 creatures vanquished.

Vanquished Creatures (others)
  2 plants (D:9)
2 creatures vanquished.

Grand Total: 274 creatures vanquished

Notes
Turn   | Place    | Note
-------+----------+-------------------------------------------
     0 | D:1      | M4edhros the Formicid Air Elementalist began the quest for the Orb.
     0 | D:1      | Reached XP level 1. HP: 13/13 MP: 3/3
   581 | D:1      | Reached XP level 2. HP: 17/19 MP: 5/5
   763 | D:1      | Reached skill level 3 in Air Magic
  1037 | D:1      | Reached XP level 3. HP: 21/24 MP: 2/6
  1342 | D:2      | Found a faded altar of an unknown god.
  1406 | D:2      | Became a worshipper of Ashenzari the Shackled
  1406 | D:2      | Reached * piety under Ashenzari
  1456 | D:2      | Found an ancient bone altar of Kikubaaqudgha.
  2171 | D:3      | Reached XP level 4. HP: 30/30 MP: 3/7
  2282 | D:3      | Noticed Terence
  2298 | D:3      | Killed Terence
  2298 | D:3      | Reached skill level 4 in Air Magic
  3565 | D:4      | Noticed Eustachio
  3582 | D:4      | Reached XP level 5. HP: 19/35 MP: 3/8
  4094 | D:4      | Found a staircase to the Ecumenical Temple.
  4179 | D:4      | Learned a level 3 spell: Static Discharge
  4237 | D:4      | Reached ** piety under Ashenzari
  4278 | D:5      | Entered Level 5 of the Dungeon
  4332 | D:4      | Killed Eustachio
  4332 | D:4      | Reached skill level 5 in Air Magic
  4332 | D:4      | Reached XP level 6. HP: 19/41 MP: 2/9
  4402 | D:4      | Noticed an ogre
  4434 | D:4      | Killed an ogre
  4434 | D:4      | Reached skill level 6 in Air Magic
  4434 | D:4      | Reached XP level 7. HP: 36/46 MP: 3/10
  4665 | D:4      | Noticed Blork the orc
  4680 | D:4      | Killed Blork the orc
  4801 | D:4      | Gained mutation: Your movements are slightly less encumbered by armour. (ER -2) [potion of mutation]
  4801 | D:4      | Gained mutation: Your muscles are strong. (Str +2) [potion of mutation]
  5488 | D:6      | Reached skill level 7 in Air Magic
  5602 | D:6      | Found a stormy altar of Qazlal.
  5774 | D:7      | Reached skill level 1 in Armour
  5819 | D:7      | Reached XP level 8. HP: 31/52 MP: 2/11
  5838 | D:7      | Found a shattered altar of Ashenzari.
  6125 | D:6      | Reached skill level 1 in Conjurations
  6871 | D:6      | Learned a level 4 spell: Airstrike
  7047 | D:6      | Reached XP level 9. HP: 50/57 MP: 9/13
  7840 | D:5      | Noticed Ijyb
  7862 | D:5      | Killed Ijyb
  7921 | D:5      | Reached skill level 5 in Armour
  8039 | D:5      | Learned a level 3 spell: Confuse
  8089 | D:5      | Learned a level 3 spell: Mephitic Cloud
  8102 | D:5      | Reached skill level 1 in Hexes
  8167 | D:5      | Found a runed door.
  8335 | D:5      | Noticed Crazy Yiuf
  8345 | D:5      | Killed Crazy Yiuf
  9144 | D:7      | Reached *** piety under Ashenzari
  9231 | D:7      | Reached skill level 1 in Poison Magic
  9251 | D:8      | Noticed Maurice
  9263 | D:8      | Killed Maurice
  9539 | D:8      | Found Ifauw's Antique Weapon Boutique.
  9777 | D:8      | Noticed a hornet
  9795 | D:8      | Killed a hornet
  9795 | D:8      | Reached XP level 10. HP: 63/63 MP: 1/15
  9891 | D:8      | Found Bohi's Book Emporium.
 10156 | D:8      | Found Licaink's Book Shop.
 10252 | D:8      | Found Sawox's Antique Armour Emporium.
 10258 | D:8      | Bought a ripped robe for 153 gold pieces
 10446 | D:9      | Reached skill level 1 in Shields
 10446 | D:9      | Reached skill level 8 in Air Magic
 10931 | D:9      | Found Itivvas's Magic Scroll Emporium.
 10946 | D:9      | Bought a scroll of identify for 20 gold pieces
 10946 | D:9      | Identified the cursed +0 robe "Hiokh" {rN+} (You bought it in a shop on level 8 of the Dungeon)
 10966 | D:9      | Reached skill level 5 in Stealth
 10990 | D:9      | Gained mutation: Potions are less effective at restoring your health. [mutagenic meat]
 10992 | D:9      | Gained mutation: You have sharp toenails. [mutagenic meat]
 10993 | D:9      | Gained mutation: Your skin changes colour to match your surroundings (Stealth+). [mutagenic meat]
 10994 | D:9      | Gained mutation: You are dopey. (Int -2) [mutagenic meat]
 11912 | D:9      | Found Maposank's Book Shop.
 12035 | D:9      | Found Keniqoz's Assorted Antiques.
 12039 | D:9      | Identified the cursed +1 spear "Suzusicu" {drain, rPois Str+4}
 12110 | D:9      | Bought a runed bardiche for 396 gold pieces
 12252 | D:9      | Found a staircase to the Lair.
 12254 | D:9      | Noticed a komodo dragon
 12296 | D:9      | Killed a komodo dragon
 12296 | D:9      | Reached skill level 5 in Hexes
 12376 | D:10     | Entered Level 10 of the Dungeon
 12402 | D:10     | Found a flagged portal.
 12445 | Bailey   | Entered a bailey
 12474 | Bailey   | Reached skill level 1 in Polearms
 12582 | Bailey   | Reached XP level 11. HP: 14/68 MP: 8/17
 14894 | D:10     | Found a hide-covered altar of Uskayaw.
 15405 | D:11     | Noticed a six-headed hydra
 15412 | D:11     | Killed a six-headed hydra
 15412 | D:11     | Reached skill level 1 in Fighting
 15646 | D:11     | Noticed a brown ugly thing
 15971 | D:11     | Killed a cyan ugly thing
 15971 | D:11     | Reached skill level 5 in Dodging
 16142 | D:11     | Reached skill level 5 in Spellcasting
 16409 | D:11     | Noticed a two-headed ogre
 16439 | D:11     | Slain by a two-headed ogre

Vault maps used:
D:1:      minmay_arrival_three_doors, serial_bayou_pond_b,
          minmay_misc_feat_rugged, minmay_misc_feat_encased,
          hangedman_decor_diamond_cutter
D:2:      nicolae_overflow_crystal_walls,
          chequers_ecumenical_altar_simple_redux, first_bread
D:3:      uniq_terence
D:4:      minmay_temple_entry_hall, hangedman_decor_push, uniq_blork_the_orc,
          uniq_eustachio
D:5:      uniq_crazy_yiuf_cottage, uniq_iyjb
D:6:      minmay_misc_feat_square, nicolae_qazlal_general_emergency
D:7:      basic_altar
D:8:      serial_shops, nicolae_shop_statue_plus, nicolae_shop_crystal,
          nicolae_shop_crystal, shop_statue, uniq_maurice
D:9:      david_lair_shrubbed, serial_shops, nicolae_shop_stone, shop,
          kennysheep_mini
D:10:     basic_altar, enter_bailey_2
D:11:     grunt_livestock
Bailey:   bailey_polearm_flooded_kennysheep, bailey

Skill      XL: |  1  2  3  4  5  6  7  8  9 10 11 |
---------------+----------------------------------+-----
Air Magic      | 3 4 5 6 7 8 |  8.5
Dodging        | 2 3 4 5 |  5.0
Armour         | 1 4 5 7 |  7.1
Conjurations   | 1 2 3 4 |  4.2
Spellcasting   | 3 4 5 |  5.0
Hexes          | 3 5 7 |  7.1
Poison Magic   | 2 4 |  4.0
Stealth        | 4 5 7 |  7.9
Shields        | 3 |  3.4
Polearms       | 1 3 |  3.8
Fighting       | 2 |  2.1

Action                   |  1- 3 |  4- 6 |  7- 9 | 10-12 || total
-------------------------+-------+-------+-------+-------++-------
Melee: Unarmed           |   101 |    65 |   126 |       ||   292
       Quarterstaff      |       |       |    39 |   526 ||   565
       Kick              |       |       |       |   136 ||   136
 Cast: Shock             |    51 |    79 |   263 |    39 ||   432
       Static Discharge  |       |       |     8 |       ||     8
       Airstrike         |       |       |     8 |    19 ||    27
       Mephitic Cloud    |       |       |     1 |    27 ||    28
Invok: Curse Item        |       |       |     3 |     1 ||     4
Evoke: Wand              |       |     6 |    10 |    24 ||    40
       Lamp of fire      |       |       |       |     1 ||     1
  Use: Potion            |       |     3 |     1 |     1 ||     5
       Scroll            |       |     1 |    11 |     7 ||    19
 Stab: Sleeping          |     1 |     1 |       |    12 ||    14
       Confused          |       |       |     5 |     9 ||    14
       Paralysed         |       |       |       |     5 ||     5
       Distracted        |       |       |       |     1 ||     1
       Petrified         |       |       |       |     7 ||     7
  Eat: Chunk             |     5 |     3 |    14 |    25 ||    47
       Royal jelly       |       |     2 |     1 |       ||     3
       Bread ration      |       |       |     2 |     2 ||     4
Armor: Robe              |    22 |    24 |     1 |       ||    47
       Scale mail        |       |       |   169 |   229 ||   398
       Troll leather arm |       |       |       |    35 ||    35
Dodge: Dodged            |    87 |    81 |   210 |   425 ||   803
Block: Buckler           |       |       |     2 |   188 ||   190
